 Dungeon Crawl Stone Soup version 0.29.1-1-gd02db6906a (webtiles) character file.

Game seed: 9437263151827360843

126 Jakudza the Gusty (level 5, -2/29 HPs)
             Began as a Tengu Air Elementalist on Sept 25, 2022.
             Killed from afar by Sigmund (8 damage)
             ... with a magic dart
             ... on level 3 of the Dungeon.
             The game lasted 00:06:57 (3818 turns).

Jakudza the Gusty (Tengu Air Elementalist)          Turns: 3818, Time: 00:06:57

Health: -2/29      AC:  2    Str:  8    XL:     5   Next: 10%
Magic:  5/10       EV: 15    Int: 17    God:
Gold:   151        SH:  0    Dex: 15    Spells: 7/10 levels left

rFire   + . .      SeeInvis .   c - +0 short sword (holy)
rCold   . . .      Faith    .   (no shield)
rNeg    . . .      Spirit   .   a - +0 robe
rPois   .          Reflect  .   (helmet restricted)
rElec   .          Harm     .   (no cloak)
rCorr   .          Rampage  .   (no gloves)
Will    .....                   (boots unavailable)
Stlth   ++........              (no amulet)
HPRegen 0.09/turn               e - ring of protection from fire
MPRegen 0.12/turn               (no ring)

@: flying quickly and evasively, very slightly contaminated, quick
A: beak, talons 3, nimble flight
a: no special abilities


You were on level 3 of the Dungeon.
You visited 1 branch of the dungeon, and saw 3 of its levels.

You collected 151 gold pieces.

Inventory:

Hand Weapons
 c - a +0 short sword of holy wrath (weapon)
Armour
 a - a +0 robe (worn)
Jewellery
 e - a ring of protection from fire (left hand)
Scrolls
 f - 2 scrolls of teleportation
Potions
 b - a potion of magic
 g - a potion of haste
 h - a potion of curing
 i - a potion of flight
 j - a potion of brilliance {unknown}


   Skills:
 + Level 1.2 Fighting
 + Level 3.0 Dodging
 - Level 2.1 Stealth
 * Level 3.0 Spellcasting
 + Level 2.8 Conjurations
 - Level 5.0 Air Magic


You had 7 spell levels left.
You knew the following spells:

 Your Spells              Type           Power      Damage    Failure   Level
a - Shock                 Conj/Air       60%        1d6       3%          1
b - Static Discharge      Conj/Air       15%        3-5/arc   5%          2

Your spell library contained the following spells:

 Spells                   Type           Power      Damage    Failure   Level
 Swiftness                Air            19%        N/A       7%          3
 Freeze                   Ice            8%         1d3       17%         1
 Airstrike                Air            9%         2d(2-18)  22%         4
 Passwall                 Tmut/Erth      1%         N/A       26%         2
 Frozen Ramparts          Ice            4%         1d1       45%         3
 Inner Flame              Hex/Fire       2%         N/A       45%         3
 Hailstorm                Conj/Ice       7%         3d4       69%         4
 Leda's Liquefaction      Hex/Erth       1%         N/A       86%         4
 Enfeeble                 Hex            1%         N/A       100%        7


Dungeon Overview and Level Annotations

Branches:
Dungeon (3/15)

Altars:
Sif Muna
Xom

Annotations:
D:3 Sigmund


Innate Abilities, Weirdness & Mutations

You have a beak for a mouth.
You have claws for feet.
Your magical nature lets you fly swiftly and evasively.


Message History

* * * LOW HITPOINT WARNING * * *
Sigmund closely misses you.
You are too injured to fight recklessly!
You are too injured to fight recklessly!
You are too injured to fight recklessly!
You are too injured to fight recklessly!
Casting: Shock (safe; 3% risk of failure)
Confirm with . or Enter, or press ? or * to list all spells.
Aiming: Shock (safe; 3% risk of failure)
Press: ? - help, Shift-Dir - straight line, f/p - Sigmund
Aim: Sigmund, wielding a +2 scythe of protection and wearing a +0 robe (lightly wounded, 68% to hit)
The zap hits Sigmund.
Sigmund is lightly wounded.
Sigmund closely misses you.
Casting: Shock (safe; 3% risk of failure)
Confirm with . or Enter, or press ? or * to list all spells.
Aiming: Shock (safe; 3% risk of failure)
Press: ? - help, Shift-Dir - straight line, f/p - Sigmund
Aim: Sigmund, wielding a +2 scythe of protection and wearing a +0 robe (lightly wounded, 68% to hit)
The zap hits Sigmund.
Sigmund is moderately wounded.
Casting: Shock (safe; 3% risk of failure)
Confirm with . or Enter, or press ? or * to list all spells.
Aiming: Shock (safe; 3% risk of failure)
Press: ? - help, Shift-Dir - straight line, f/p - Sigmund
Aim: Sigmund, wielding a +2 scythe of protection and wearing a +0 robe (moderately wounded, 68% to hit)
You miscast Shock.
You are very lightly contaminated with residual magic.
Nothing appears to happen.
Sigmund barely misses you.
Casting: Shock (safe; 3% risk of failure)
Confirm with . or Enter, or press ? or * to list all spells.
Aiming: Shock (safe; 3% risk of failure)
Press: ? - help, Shift-Dir - straight line, f/p - Sigmund
Aim: Sigmund, wielding a +2 scythe of protection and wearing a +0 robe (moderately wounded, 68% to hit)
The zap hits Sigmund but does no damage.
Sigmund is moderately wounded.
Sigmund says, "Don't worry, I'll kill you fast."
Sigmund gestures at you while chanting. The magic dart hits you!
You die...

.........#####...................
.....#####...#####.#####.........
.....'....._.....'.# #.........
.....#####...#####.## ######....
.........#####......# #....
....................# #....
....................# #....
....................#########....
@.............@.@...........#....
.................................
..............................
..............................
.......########...............
......) #............... .......
#............### .......
#............# # .......
#......).....##8


You could see Sigmund.

Vanquished Creatures
  5 adders
  A dart slug (D:2)
  4 orcs (D:3)
  6 endoplasms
  3 giant cockroaches
  11 goblins
  3 hobgoblins
  12 kobolds
  3 quokkas (D:1)
  8 ball pythons
  6 bats
  4 frilled lizards
  7 rats
73 creatures vanquished.

Notes
Turn   | Place    | Note
-------+----------+-------------------------------------------
     0 | D:1      | Jakudza the Tengu Air Elementalist began the quest for the
                  | Orb.
     0 | D:1      | Reached XP level 1. HP: 10/10 MP: 4/4
   260 | D:1      | Reached XP level 2. HP: 10/15 MP: 0/6
   712 | D:1      | Found a faded altar of an unknown god.
   964 | D:1      | Reached XP level 3. HP: 19/19 MP: 0/7
  1873 | D:2      | Reached XP level 4. HP: 24/24 MP: 6/8
  2049 | D:2      | Got Duvohud's Directory of Enchantment and Transfiguration
  2270 | D:2      | Learned a level 2 spell: Static Discharge
  2388 | D:2      | Reached skill level 5 in Air Magic
  2739 | D:3      | Reached skill level 1 in Fighting
  2972 | D:3      | Found a shimmering altar of Xom.
  3152 | D:3      | Gained mutation: Your magical nature lets you fly swiftly
                  | and evasively. [Tengu growth]
  3152 | D:3      | Reached XP level 5. HP: 29/29 MP: 6/10
  3414 | D:3      | Found a shimmering blue altar of Sif Muna.
  3745 | D:3      | Noticed Sigmund
  3818 | D:3      | Killed from afar by Sigmund

Illustrated notes

Levels and vault maps discovered:
D:1:      dpeg_arrival_yet_another_circle, layout_basic,
          shapermc_ecumenical_altar_mp_highgroup
D:2:      minmay_wonky_spiral, layout_loops_ring, minmay_between
D:3:      minmay_diamond_boxcup, layout_basic, brannock_xom_greatest_gift,
          nicolae_overflow_hidden_temple, mainiacjoe_overflow_surrounded_room,
          uniq_sigmund

Skill      XL: |  1  2  3  4  5 |
---------------+----------------+-----
Conjurations   | 2 |  2.8
Air Magic      | 5 |  5.0
Fighting       | 1 |  1.2
Dodging        | 3 |  3.0
Spellcasting   | 3 |  3.0
Stealth        | |  2.1

Action                   |  1- 3 |  4- 6 || total
-------------------------+-------+-------++-------
Melee: Dagger            |    10 |    10 ||    20
       Kick              |     1 |     3 ||     4
       Peck              |     1 |     2 ||     3
       Short sword       |       |     1 ||     1
 Cast: Shock             |    77 |    72 ||   149
  Use: Scroll            |     1 |     8 ||     9
Armor: Robe              |     1 |     1 ||     2
Dodge: Dodged            |    11 |    22 ||    33
